 Dungeon Crawl Stone Soup version 0.23.2-1-ga50397a (webtiles) character file.

Game seed: 7597793503461977566

346 Heatsaber the Cutter (level 6, -1/32 HPs)
             Began as a Vine Stalker Skald on May 25, 2019.
             Was a Follower of Zin.
             Slain by Blork the orc
             ... wielding a +2 battleaxe of electrocution
              (13 damage)
             ... on level 4 of the Dungeon.
             The game lasted 00:22:24 (3329 turns).

Heatsaber the Cutter (Vine Stalker Skald)           Turns: 3329, Time: 00:22:24

Health: -1/32      AC:  6    Str: 15    XL:     6   Next: 59%
Magic:  0/10       EV: 13    Int: 13    God:    Zin [*.....]
Gold:   205        SH:  0    Dex: 14    Spells: 6/9 levels left

rFire    . . .     SeeInvis .   a - +0 short sword
rCold    . . .     Gourm    .   (no shield)
rNeg     . . .     Faith    .   g - +0 scale mail
rPois    .         Spirit   +   (no helmet)
rElec    .         Reflect  .   (no cloak)
rCorr    .         Harm     .   (no gloves)
MR       +....                  (no boots)
Stlth    ..........             (no amulet)
HPRegen  0.50/turn              j - +3 ring of evasion
MPRegen  0.12/turn              s - ring of protection from magic

@: infused (expiring)
A: fangs 2, regeneration 1, magic shield, antimagic bite, no potion heal 3, rot
immunity
a: Recite, Donate Gold, Renounce Religion


You were on level 4 of the Dungeon.
You worshipped Zin.
Zin was aware of your devotion.
You were near starving.

You visited 2 branches of the dungeon, and saw 5 of its levels.

You collected 227 gold pieces.
You donated 22 gold pieces to Zin.

Inventory:

Hand Weapons
 a - a +0 short sword (weapon)
 q - a +0 dagger of speed
Missiles
 n - 5 needles of confusion
 r - 26 poisoned needles
Armour
 b - a +0 leather armour
 c - a +0 ring mail
 g - a +0 scale mail (worn)
Jewellery
 j - a +3 ring of evasion (left hand)
 s - a ring of protection from magic (right hand)
 y - an uncursed ring of protection from fire
 z - a +4 ring of intelligence {unknown}
Wands
 p - a wand of disintegration (28)
Scrolls
 e - 2 scrolls of fear {unknown}
 h - 3 scrolls of immolation {unknown}
 k - 4 scrolls of teleportation {unknown}
 m - 5 scrolls of identify {unknown}
 t - a scroll of magic mapping {unknown}
 u - a scroll of enchant armour {unknown}
 w - 3 scrolls of remove curse {unknown}
Potions
 f - a potion of ambrosia {unknown}
 i - 2 potions of haste {unknown}
 l - a potion of resistance {unknown}
 o - a potion of might {unknown}
 v - 2 potions of brilliance {unknown}
 x - a potion of curing {unknown}
 A - a potion of heal wounds {unknown}
Comestibles
 d - 7 rations


   Skills:
 - Level 3.0 Fighting
 + Level 4.1 Short Blades
 + Level 3.4 Armour
 - Level 1.5 Dodging
 - Level 2.1 Spellcasting
 - Level 3.0 Charms


You had 6 spell levels left.
You knew the following spells:

 Your Spells              Type           Power        Failure   Level  Hunger
a - Infusion              Chrm           #...         26%         1    ##.....
b - Song of Slaying       Chrm           #.......     38%         2    ###....

Your spell library contained the following spells:

 Spells                   Type           Power        Failure   Level  Hunger
 Shroud of Golubria       Chrm/Tloc      #.........   58%         2    ###....
 Regeneration             Chrm/Necr      #.........   83%         3    ####...
 Spectral Weapon          Hex/Chrm       #.......     83%         3    ####...


Dungeon Overview and Level Annotations

Branches:
Dungeon (4/15)             Temple (1/1) D:4

Altars:
Ashenzari
Cheibriados
Dithmenos
Elyvilon
Fedhas
Hepliaklqana
Kikubaaqudgha
Makhleb
Nemelex Xobeh
Okawaru
Qazlal
Ru
Sif Muna
Trog
Uskayaw
Vehumet
Wu Jian
Xom
Yredelemnul
Zin
The Shining One

Annotations:
D:4 Blork the orc


Innate Abilities, Weirdness & Mutations

You have extremely sharp teeth.
Your natural rate of healing is unusually fast.
When hurt, damage is shared between your health and your magic reserves.
Your bite disrupts and absorbs the magic of your enemies.
Potions cannot restore your health.
You are immune to rotting.


Message History

You hit Blork the orc. Your bite misses Blork the orc.
Blork the orc is heavily wounded.
Blork the orc misses you.
You hit Blork the orc. You bite Blork the orc.
Blork the orc's magic leaks into the air.
You drain his magic.
You feel invigorated.
Blork the orc is heavily wounded.
Blork the orc closely misses you.
You barely miss Blork the orc.
Blork the orc is heavily wounded.
You hit Blork the orc.
Blork the orc is heavily wounded.
Your magical infusion is running out.
Blork the orc hits you with a +2 battleaxe of electrocution.
You are electrocuted!
You hit Blork the orc.
Blork the orc is severely wounded.
Blork the orc hits you with a +2 battleaxe of electrocution!
You are electrocuted!
You die...

###############
#.....@o......#
#.#..<..#####.#
#.#.###.#
#.#.###.###
##########.#........
#............#######
##...######.#.#
#.....## #.#.#
.......####.#.#


You could see Blork the orc.

Vanquished Creatures
  A phantom (D:4)
  A jelly (D:3)
  A bullfrog skeleton (D:4)
  Natasha (twice) (D:3)
  A howler monkey skeleton (D:4)
  2 adders
  2 worms (D:2)
  4 dart slugs
  3 leopard geckos
  5 orcs
  10 bats
  4 giant cockroaches
  10 goblins
  14 hobgoblins
  11 jackals
  7 kobolds
  A quokka (D:4)
  4 frilled lizards (D:3)
  A jackal skeleton (D:4)
  12 rats
96 creatures vanquished.

Notes
Turn   | Place    | Note
-------+----------+-------------------------------------------
     0 | D:1      | Heatsaber the Vine Stalker Skald began the quest for the
                  | Orb.
     0 | D:1      | Reached XP level 1. HP: 11/11 MP: 4/4
    86 | D:1      | Reached skill level 1 in Armour
    93 | D:1      | Reached skill level 2 in Short Blades
   457 | D:1      | Reached XP level 2. HP: 14/15 MP: 6/6
   895 | D:1      | Reached XP level 3. HP: 16/18 MP: 5/7
  1106 | D:1      | Learned a level 2 spell: Song of Slaying
  1475 | D:2      | Gained mutation: Your natural rate of healing is unusually
                  | fast. [Vine Stalker growth]
  1475 | D:2      | Reached XP level 4. HP: 20/23 MP: 5/8
  2001 | D:3      | Reached skill level 3 in Short Blades
  2001 | D:3      | Reached XP level 5. HP: 19/28 MP: 0/9
  2176 | D:3      | Noticed Natasha
  2188 | D:3      | Killed Natasha
  2495 | D:3      | Noticed Natasha
  2504 | D:3      | Killed Natasha
  2705 | D:4      | Reached XP level 6. HP: 31/32 MP: 10/10
  2716 | D:4      | Noticed a phantom
  2741 | D:4      | Killed a phantom
  2741 | D:4      | Reached skill level 4 in Short Blades
  2755 | D:4      | Found a staircase to the Ecumenical Temple.
  2916 | Temple   | Entered the Ecumenical Temple
  3128 | Temple   | Became a worshipper of Zin the Law-Giver
  3128 | Temple   | Reached * piety under Zin
  3315 | D:4      | Noticed Blork the orc
  3329 | D:4      | Slain by Blork the orc

Skill      XL: |  1  2  3  4  5  6 |
---------------+-------------------+-----
Armour         | 1 2 3 |  3.4
Short Blades   | 2 3 4 |  4.1
Fighting       | 2 3 |  3.0
Dodging        | |  1.5
Spellcasting   | |  2.1
Charms         | |  3.0

Action                   |  1- 3 |  4- 6 || total
-------------------------+-------+-------++-------
Melee: Short sword       |   135 |   183 ||   318
       Bite              |    32 |    52 ||    84
 Cast: Infusion          |     2 |     9 ||    11
       Song of Slaying   |     1 |     5 ||     6
Invok: Recite            |       |     1 ||     1
  Eat: Chunk             |     2 |     5 ||     7
Armor: Leather armour    |     6 |       ||     6
       Ring mail         |     7 |       ||     7
       Scale mail        |    51 |    52 ||   103
Dodge: Dodged            |    69 |    87 ||   156
